AoeStats
← Genghis_AoE

Arabian Desert

508838336Analyzed
1v1 RM · 9d ago on Sep 24, 2026· 47m 16s· 2 players
Game mode
Random Map
Map size
Tiny (2 player)
Population
200
Speed
Normal
Resources
Standard
Victory
Conquest
Starting age
Dark Age
Ending age
Imperial Age
RankedLock teamsTeams togetherTeam positionsShared explorationLock speedFull tech treeHidden civsTurbo modeCheats
Victory
Defeat
🇸🇰 Khmer · Slovakia
1429
+16
🇦🇺 Chinese · Australia
1426
-16
IwannaP
0:26 Loom
10:26 Feudal Age
11:13 Double-Bit Axe
22:25 Castle Age
20:53 Fletching
24:24 Crossbowman
29:08 Pikeman
31:55 Squires
32:33 Scale Mail Armor
32:45 Forging
36:00 Iron Casting
39:31 Wheelbarrow
44:04 Stone Mining
49:58 Imperial Age
Genghis_AoE
5:27 Loom
8:23 Feudal Age
8:55 Double-Bit Axe
8:51 Horse Collar
15:29 Forging
17:46 Fletching
19:25 Scale Barding Armor
19:56 Wheelbarrow
26:38 Castle Age
26:39 Bloodlines
26:42 Light Cavalry
31:28 Chain Barding Armor
36:36 Bow Saw
39:00 Town Watch
44:40 Imperial Age
44:13 Hand Cart
43:52 Gold Mining
43:56 Stone Mining
45:15 Iron Casting
Connection lost

Rejoining the realm…

Still unreachable

The connection could not be restored.

Session expired

The server has moved on; the page needs a fresh start.